 Dungeon Crawl Stone Soup version 0.30-a0-591-g3c58d2bc28 (webtiles) character file.

Game seed: 2011754210585019971

5 OTABOTABOTAB the Conjurer (level 1, -4/10 HPs)
             Began as a Deep Elf Conjurer on Jan 6, 2023.
             Slain by a quokka (5 damage)
             ... on level 1 of the Dungeon.
             The game lasted 00:00:34 (95 turns).

OTABOTABOTAB the Conjurer (Deep Elf Conjurer)         Turns: 95, Time: 00:00:34

Health: -4/10      AC:  2    Str:  4    XL:     1   Next: 66%
Magic:  0/6        EV: 12    Int: 22    God:
Gold:   0          SH:  0    Dex: 13    Spells: 5/6 levels left

rFire   . . .      SeeInvis .    (no weapon)
rCold   . . .      Faith    .    (no shield)
rNeg    . . .      Spirit   .    a - +0 robe
rPois   .          Reflect  .    (no helmet)
rElec   .          Harm     .    (no cloak)
rCorr   .          Rampage  .    (no gloves)
Will    .....                    (no boots)
Stlth   ++                       (no amulet)
HPRegen 0.21/turn                (no ring)
MPRegen 0.10/turn                (no ring)

@: no status effects
A: no striking features
a: no special abilities


You were on level 1 of the Dungeon.
You visited 1 branch of the dungeon, and saw 1 of its levels.

Inventory:

Armour
 a - a +0 robe (worn)
Scrolls
 b - a scroll of identify {unknown}
 c - a scroll of noise {unknown}
Potions
 M - a potion of magic


   Skills:
 - Level 2.4 Dodging
 - Level 2.4 Stealth
 + Level 3.2 Spellcasting
 * Level 4.6 Conjurations


You had 5 spell levels left.
You knew the following spells:

 Your Spells              Type           Power      Damage    Failure   Level
a - Magic Dart            Conj           92%        1d7       1%          1

Your spell library contained the following spells:

 Spells                   Type           Power      Damage    Failure   Level
 Searing Ray              Conj           46%        2d6       2%          2
 Dazzling Flash           Conj/Hex       26%        N/A       14%         3
 Fulminant Prism          Conj/Hex       6%         3d7       43%         4
 Iskenderun's Mystic Bla  Conj/Tloc      13%        2d5       43%         4


Dungeon Overview and Level Annotations

Branches:
Dungeon (1/15)

Altars:


Message History

Bad channel name for runrest: 'Jiyva says: Divide and consume' Welcome, OTABOTABOTAB the Deep Elf Conjurer.
Will you be the one to retrieve the splendid Orb of Zot from the depths?
Found a staircase leading out of the dungeon.
Found an escape hatch in the floor.
There is an escape hatch in the floor here.
An endoplasm comes into view.
The magic dart hits the endoplasm.
You now have 5/6 mp.
The magic dart hits the endoplasm.
You kill the endoplasm!
You now have 4/6 mp.
No target in view!
No target in view!
b - a scroll labelled BESOUM UTTUCOR MP restored: 6
c - a scroll labelled ETHOENWEHUO A goblin comes into view.
It is wielding a +0 dagger.
The goblin shouts!
You hear a shout!
A goblin is nearby!
The magic dart hits the goblin!
You kill the goblin!
A goblin comes into view. It is wielding a +0 antimagic dagger.
You now have 5/6 mp.
You miscast Magic Dart.
You are very lightly contaminated with residual magic.
Nothing appears to happen.
You now have 4/6 mp.
No target in view!
No target in view!
A goblin is nearby!
The magic dart hits the goblin.
You now have 3/6 mp.
A giant cockroach comes into view.
The goblin hits you with a +0 antimagic dagger.
You take 3 damage, and have 7/10 hp.
MASSIVE DAMAGE!!
Aim: a goblin, wielding a +0 antimagic dagger (heavily wounded, 100% to hit)
The magic dart hits the goblin!
You kill the goblin!
Your magical contamination has completely faded away.
You now have 2/6 mp.
Aim: a giant cockroach (100% to hit)
The magic dart hits the giant cockroach.
You now have 1/6 mp.
Aim: a giant cockroach (heavily wounded, 100% to hit)
The magic dart hits the giant cockroach but does no damage.
Aim: a giant cockroach (heavily wounded, 100% to hit)
The magic dart hits the giant cockroach.
You kill the giant cockroach!
You now have 0/6 mp.
Unknown command.
A quokka comes into view.
You see here a +0 antimagic dagger.
A giant cockroach comes into view.
You don't have enough magic to cast this spell.
You don't have enough magic to cast this spell.
You see here a +0 antimagic dagger.
Health restored: 10
Aim: a quokka (100% to hit)
The magic dart hits the quokka.
You now have 0/6 mp.
The quokka bites you.
You take 2 damage, and have 8/10 hp.
You hit the quokka. The quokka bites you.
Ouch! That really hurt!
You take 4 damage, and have 4/10 hp.
MASSIVE DAMAGE!!
The quokka attacks as you move away! The quokka barely misses you.
The quokka twitches its whiskers.
The quokka attacks as you move away! The quokka bites you.
* * * LOW HITPOINT WARNING * * *
The quokka closely misses you.
Aim: a quokka (severely wounded, 100% to hit)
The magic dart hits the quokka but does no damage.
The quokka closely misses you.
You now have 0/6 mp.
The quokka bites you.
* * * LOW HITPOINT WARNING * * *
You take 1 damage, and have 3/10 hp.
The quokka barely misses you.
You don't have enough magic to cast this spell.
The quokka attacks as you move away! The quokka closely misses you.
Aim: a quokka (severely wounded, 100% to hit)
The magic dart hits the quokka.
The quokka closely misses you.
You now have 0/6 mp.
The quokka bites you.
* * * LOW HITPOINT WARNING * * *
You take 3 damage, and have 1/10 hp.
MASSIVE DAMAGE!!
The quokka closely misses you. The quokka attacks as you move away!
The quokka bites you.
Ouch! That really hurt!
You die...

##...##
#....#
#....##
#.....#
#...###
##..#.#
#...#.#
#.....#
#..@.##
##.r.#.#
#......#
#..#..##
#<.###>#
#### ###


You could see a quokka.

Vanquished Creatures
  An endoplasm (D:1)
  A giant cockroach (D:1)
  2 goblins (D:1)
4 creatures vanquished.

Notes
Turn   | Place    | Note
-------+----------+-------------------------------------------
     0 | D:1      | OTABOTABOTAB the Deep Elf Conjurer began the quest for the
                  | Orb.
     0 | D:1      | Reached XP level 1. HP: 10/10 MP: 6/6
    93 | D:1      | HP: 1/10 [quokka (3)]
    95 | D:1      | Slain by a quokka

Illustrated notes

Levels and vault maps discovered:
D:1:      minmay_arrival_jagged, layout_basic, serial_shops, shop,
          minmay_domino_2

Action                   || total
-------------------------++-------
Melee: Unarmed           ||     1
 Cast: Magic Dart        ||    11
Dodge: Dodged            ||     7

Table legend: (Time is in decaauts)
 A = Elapsed time spent in this place.
 B = Non-inter-level travel time spent in this place.
 C = Inter-level travel time spent in this place.
 D = Time resting spent in this place.
 E = Time spent auto-exploring this place.
 F = Levels seen in this place.
 G = Mean time per level.
                   A        B        C        D        E       F      G
               +--------+--------+--------+--------+--------+-----+--------+
         Total |     95 |     95 |      0 |      0 |     47 |   1 |   95.0 |
       Dungeon |     95 |     95 |      0 |      0 |     47 |   1 |   95.0 |
               +--------+--------+--------+--------+--------+-----+--------+

Top non-repeatable levels by time:
     D:1: 95 daAuts

Table legend:
 A = Kills in this place as a percentage of kills in entire the game.
 B = Kills by you in this place as a percentage of kills by you in the entire game.
 C = Kills by friends in this place as a percentage of kills by friends in the entire game.
 D = Other kills in this place as a percentage of other kills in the entire game.
 E = Experience gained in this place as a percentage of experience gained in the entire game.
 F = Experience gained in this place divided by the number of levels of this place that you have seen.
                   A       B       C       D       E      F
               +-------+-------+-------+-------+-------+----------------------
         Total | 100.0 | 100.0 |   N/A |   N/A | 100.0 |   8.0
       Dungeon | 100.0 | 100.0 |   N/A |   N/A | 100.0 |   8.0
               +-------+-------+-------+-------+-------+----------------------
